 Dungeon Crawl Stone Soup version 0.22.0-49-gab54619674 (webtiles) character file.

162 JedernureinKreuz the Cudgeler (level 5, -5/53 HPs)
             Began as a Troll Monk on Sept 7, 2018.
             Slain by a mummy (14 damage)
             ... in an ossuary.
             The game lasted 00:09:59 (2549 turns).

JedernureinKreuz the Cudgeler (Troll Monk)          Turns: 2549, Time: 00:09:59

Health: -5/53      AC:  8    Str: 20    XL:     5   Next: 19%
Magic:  4/4        EV: 11    Int:  6    God:
Gold:   172        SH:  0    Dex: 12    Spells: 4/4 levels left

rFire    . . .     SeeInvis .   a - +0 mace
rCold    . . .     Gourm    +   (no shield)
rNeg     . . .     Faith    .   b - +0 robe
rPois    .         Spirit   .   (helmet restricted)
rElec    .         Reflect  .   r - +2 cloak
rCorr    .         Harm     .   (gloves unavailable)
MR       .....                  (boots unavailable)
Stlth    ++........             (no amulet)
HPRegen  0.57/turn              (no ring)
MPRegen  0.09/turn              (no ring)

@: no status effects
A: large, unfitting armour, claws 3, fast metabolism 3, gourmand, regeneration
1, shaggy fur 1, tough skin 2
a: no special abilities


You were in an ossuary.
You were completely stuffed.

You visited 1 branch of the dungeon, and saw 4 of its levels.
You also visited: Ossuary.

You collected 172 gold pieces.

Inventory:

Hand Weapons
 a - a +0 mace (weapon)
 p - a +0 flail
 t - a +1 dagger of venom
Missiles
 k - 11 tomahawks (quivered)
Armour
 b - a +0 robe (worn)
 l - a +0 cloak
 r - a +2 cloak (worn)
Magical Staves
 j - an uncursed staff of death {unknown}
Scrolls
 d - 5 scrolls of teleportation {unknown}
 f - 2 scrolls of remove curse {unknown}
 i - 4 scrolls of identify {unknown}
 o - a scroll of blinking {unknown}
 s - a scroll of immolation {unknown}
Potions
 e - 4 potions of might {unknown}
 g - a potion of curing {unknown}
 h - a potion of ambrosia {unknown}
 n - 2 potions of cancellation {unknown}
 q - a potion of magic {unknown}
Comestibles
 c - 13 rations
 m - 5 chunks of flesh


   Skills:
 + Level 3.2 Fighting
 + Level 3.6 Maces & Flails
 + Level 3.2 Dodging
 + Level 1.7 Stealth


You had 4 spell levels left.
You didn't know any spells.
Your spell library was empty.

Dungeon Overview and Level Annotations

Branches:
Dungeon (4/15)
 Temple: D:4-7

Altars:


Innate Abilities, Weirdness & Mutations

You are too large for most types of armour.
You have claws for hands.
Your metabolism is lightning-fast.
You like to eat raw meat.
Your natural rate of healing is unusually fast.
You are covered in fur. (AC +1)
You have very tough skin. (AC +2)


Message History

* * * LOW HITPOINT WARNING * * *
There is an empty arch of ancient stone here.
There is nothing on the other side of the stone arch.
There is nothing on the other side of the stone arch.
There is nothing on the other side of the stone arch.
There is nothing on the other side of the stone arch.
You hit the mummy but do no damage.
The mummy is heavily damaged.
A mummy comes into view.
You hit the mummy.
The mummy is severely damaged.
The mummy barely misses you.
You hit the mummy.
The mummy is severely damaged.
The mummy barely misses you.
A mummy comes into view.
You hit the mummy.
The mummy is almost destroyed.
The mummy hits you!
You die...

## ##
#. .#
#'#'#
M..
##'##
#MM.#
#M@.#
#∩..#
#####


You could see 4 mummies.

Vanquished Creatures
  A howler monkey (D:4)
  A mummy (D:4)
  5 adders
  An ooze (D:1)
  A worm (D:3)
  2 leopard geckos
  An orc (D:3)
  2 ball pythons
  5 bats
  5 giant cockroaches
  8 goblins
  5 hobgoblins
  5 jackals
  4 kobolds
  2 quokkas
  2 frilled lizards
  4 rats
54 creatures vanquished.

Vanquished Creatures (others)
  A withered plant (Ossuary)
1 creature vanquished.

Grand Total: 55 creatures vanquished

Notes
Turn   | Place    | Note
-------+----------+-------------------------------------------
     0 | D:1      | JedernureinKreuz the Troll Monk began the quest for the
                  | Orb.
     0 | D:1      | Reached XP level 1. HP: 22/22 MP: 0/0
   130 | D:1      | Reached XP level 2. HP: 29/29 MP: 1/1
   956 | D:2      | Reached XP level 3. HP: 31/36 MP: 2/2
  1927 | D:3      | Reached XP level 4. HP: 45/45 MP: 3/3
  2413 | D:4      | Reached XP level 5. HP: 53/53 MP: 4/4
  2511 | D:4      | Found a sand-covered staircase.
  2529 | Ossuary  | Entered an ossuary
  2549 | Ossuary  | Slain by a mummy

Skill      XL: |  1  2  3  4 |
---------------+-------------+-----
Maces & Flails | 3 |  3.6
Fighting       | 3 |  3.2
Dodging        | 3 |  3.2
Stealth        | |  1.7

Action                   |  1- 3 |  4- 6 || total
-------------------------+-------+-------++-------
Melee: Mace              |   125 |    59 ||   184
Throw: Tomahawk          |       |     7 ||     7
 Stab: Sleeping          |     1 |       ||     1
       Distracted        |       |     1 ||     1
  Eat: Chunk             |    23 |     6 ||    29
Armor: Robe              |    58 |    21 ||    79
Dodge: Dodged            |    89 |    27 ||   116
